 Dungeon Crawl Stone Soup version 0.23.2-11-gf996548c65 (webtiles) character file.

Game seed: 4079745017112388238

464 c14n the Skirmisher (level 6, -1/56 HPs)
             Began as a Minotaur Abyssal Knight on June 4, 2019.
             Was a Believer of Lugonu.
             Slain by Grinder (9 damage)
             ... on level 4 of the Dungeon.
             The game lasted 00:25:22 (5210 turns).

c14n the Skirmisher (Minotaur Abyssal Knight)       Turns: 5210, Time: 00:25:22

Health: -1/56      AC:  4    Str: 16    XL:     6   Next: 80%
Magic:  6/6        EV: 12    Int:  9    God:    Lugonu [**....]
Gold:   163        SH:  0    Dex: 12    Spells: 5/5 levels left

rFire    . . .     SeeInvis .   i - +2 broad axe (chop)
rCold    . . .     Gourm    .   (no shield)
rNeg     . . .     Faith    .   b - +0 leather armour
rPois    .         Spirit   .   (helmet restricted)
rElec    .         Reflect  .   (no cloak)
rCorr    .         Harm     .   (no gloves)
MR       .....                  l - +0 pair of boots
Stlth    +.........             (no amulet)
HPRegen  0.18/turn              (no ring)
MPRegen  0.10/turn              (no ring)

@: about to teleport
A: retaliatory headbutt, horns 2
a: Depart the Abyss, Bend Space, Renounce Religion


You were on level 4 of the Dungeon.
You worshipped Lugonu.
Lugonu was pleased with you.
You were not hungry.

You visited 1 branch of the dungeon, and saw 4 of its levels.
You visited the Abyss 1 time.

You collected 163 gold pieces.

Inventory:

Hand Weapons
 a - a +2 hand axe
 i - a +2 broad axe of chopping (weapon)
 k - a +1 mace of protection
Missiles
 d - 57 stones (quivered)
Armour
 b - a +0 leather armour (worn)
 l - a +0 pair of boots (worn)
Scrolls
 e - 2 scrolls of fog
 g - a scroll of identify
 n - a scroll of immolation
 o - 2 scrolls of remove curse
Potions
 j - a potion of lignification
 m - a potion of invisibility {unknown}
 p - a potion of resistance {unknown}
Comestibles
 c - 3 rations


   Skills:
 + Level 5.2 Fighting
 + Level 5.0 Axes
 + Level 4.0 Throwing
 + Level 3.1 Armour
 + Level 1.6 Dodging
 + Level 0.9 Stealth
 + Level 2.1 Invocations


You had 5 spell levels left.
You didn't know any spells.
Your spell library was empty.

Dungeon Overview and Level Annotations

Branches:
Dungeon (4/15)
 Temple: D:4-7

Altars:

Annotations:
D:4 Grinder


Innate Abilities, Weirdness & Mutations

You reflexively headbutt those who attack you in melee.
You have a pair of horns on your head.


Message History

You can move again.
Throwing (i - inventory)
d - 57 stones (quivered)
Press: ? - help, Shift-Dir - straight line, f/p - Grinder
Aim: Grinder, carrying a wand of flame (13) (moderately wounded)
Okay, then.
You closely miss Grinder. You headbutt Grinder, but do no damage.
Grinder is moderately wounded.
Grinder zaps a wand.
The puff of flame hits you.
You barely miss Grinder.
Grinder is moderately wounded.
Grinder hits you but does no damage. Grinder closely misses you.
You hit Grinder. Your headbutt misses Grinder.
Grinder is moderately wounded.
Grinder zaps a wand.
The puff of flame hits you!
* * * LOW HITPOINT WARNING * * *
Okay, then.
Okay, then.
As you read the scroll of teleportation, it crumbles to dust.
You feel strangely unstable. Grinder hits you!
You die...

#.........# ##.....## #####
#.........# #.......####.... #
#.........# #.......##......
###.........# ##(....#..#......
..##.......## #.....###........
.........(#######.....##..#......
#........((..............##......
...........(............##.......
...########(((.5@.......##.......
.#.## ######.......###.......
.<..# ###.....# #....... ..#.#
#....## ###..... ..#.## #....##
###### .##..# ####..##
####.####### ##....###
##.........# ##.#.....#######
#..........# ##.####.........#


You could see Grinder.

Vanquished Creatures
  2 scorpions (D:4)
  An orc priest (D:4)
  2 hounds (D:4)
  2 worker ants (D:3)
  Natasha (D:2)
  Robin (D:3)
  8 adders
  An ooze (D:1)
  4 worms
  3 dart slugs
  3 leopard geckos
  7 orcs
  7 bats
  2 giant cockroaches
  9 goblins
  7 hobgoblins
  4 jackals (D:1)
  A quokka (D:3)
  2 ball pythons
  4 frilled lizards
  5 kobolds
  8 rats
84 creatures vanquished.

Vanquished Creatures (others)
  An orc wizard (D:4)
1 creature vanquished.

Grand Total: 85 creatures vanquished

Notes
Turn   | Place    | Note
-------+----------+-------------------------------------------
     0 | Abyss:1  | c14n the Minotaur Abyssal Knight began the quest for the
                  | Orb.
     0 | Abyss:1  | Reached XP level 1. HP: 19/19 MP: 1/1
     0 | D:1      | Escaped the Abyss
   155 | D:1      | Reached XP level 2. HP: 27/27 MP: 2/2
   192 | D:1      | Reached * piety under Lugonu
   702 | D:1      | Reached XP level 3. HP: 34/34 MP: 3/3
  1268 | D:2      | Reached skill level 1 in Throwing
  1959 | D:2      | Reached XP level 4. HP: 41/41 MP: 4/4
  2889 | D:3      | Reached ** piety under Lugonu
  3155 | D:3      | Reached XP level 5. HP: 47/47 MP: 5/5
  3304 | D:3      | Noticed Robin
  3314 | D:3      | Killed Robin
  3386 | D:3      | Reached skill level 5 in Fighting
  3653 | D:3      | Noticed Natasha
  3695 | D:2      | Killed Natasha
  4092 | D:4      | Reached XP level 6. HP: 56/56 MP: 6/6
  4562 | D:4      | Noticed Grinder
  4566 | D:4      | Paralysed by Grinder for 6 turns
  4993 | D:4      | Reached skill level 5 in Axes
  5203 | D:4      | Paralysed by Grinder for 3 turns
  5210 | D:4      | Slain by Grinder

Skill      XL: |  1  2  3  4  5  6 |
---------------+-------------------+-----
Fighting       | 4 5 |  5.2
Invocations    | 2 |  2.1
Throwing       | 1 2 3 4 |  4.0
Axes           | 3 4 5 |  5.0
Armour         | 3 |  3.1
Dodging        | |  1.6
Stealth        | |  0.9

Action                   |  1- 3 |  4- 6 || total
-------------------------+-------+-------++-------
Melee: Hand axe          |    45 |       ||    45
       Headbutt          |     7 |    16 ||    23
       Broad axe         |     7 |   103 ||   110
Throw: Stone             |   147 |   127 ||   274
Invok: Depart the Abyss  |     1 |       ||     1
  Use: Scroll            |     5 |     4 ||     9
       Potion            |       |     6 ||     6
  Eat: Ration            |     1 |     2 ||     3
       Chunk             |       |     4 ||     4
Armor: Leather armour    |    18 |    25 ||    43
Dodge: Dodged            |    37 |    56 ||    93
